 Dungeon Crawl Stone Soup version 0.31-a0-236-g9a0961fb85 (webtiles) character file.

Game seed: 2840129403597890469

88 qw the Shooter (level 4, -2/36 HPs)
             Began as a Minotaur Hexslinger on July 9, 2023.
             Killed by nerve-wracking pain
             ... invoked by an orc priest
              (13 damage)
             ... on level 3 of the Dungeon.
             The game lasted 00:00:36 (1653 turns).

qw the Shooter (Minotaur Hexslinger)                Turns: 1653, Time: 00:00:37

Health: -2/36      AC:  8    Str: 13    XL:     4   Next: 30%
Magic:  4/4        EV: 11    Int: 10    God:
Gold:   140        SH:  0    Dex: 14    Spells: 4/5 levels left

rFire   . . .        Y - +1 sling
rCold   + . .        (no shield)
rNeg    . . .        g - +2 ring mail {rC+}
rPois   .            (helmet restricted)
rElec   .            (no cloak)
rCorr   .            d - +0 pair of gloves
SInv    .            (no boots)
Will    .....        (no amulet)
Stlth   +            (no ring)
HPRegen 0.26/turn    (no ring)
MPRegen 0.09/turn

%: no passive effects
@: no status effects
A: horns 2, retaliatory headbutt
a: no special abilities


You were on level 3 of the Dungeon.
You visited 1 branch of the dungeon, and saw 3 of its levels.

You collected 140 gold pieces.


Innate Abilities, Weirdness & Mutations

You have a pair of horns on your head.
You reflexively headbutt those who attack you in melee.


   Skills:
 - Level 2.0 Fighting
 + Level 4.3 Ranged Weapons
 - Level 2.0 Armour
 - Level 2.1 Dodging
 - Level 1.0 Spellcasting
 - Level 2.0 Hexes


You had 4 spell levels left.
You knew the following spells:

 Your Spells              Type           Power      Damage    Failure   Level
a - Slow                  Hex            16%        N/A       32%         1

Your spell library contained the following spells:

 Spells                   Type           Power      Damage    Failure   Level
 Inner Flame              Hex/Fire       2%         N/A       82%         3
 Portal Projectile        Hex/Tloc       4%         N/A       82%         3
 Cause Fear               Hex            2%         N/A       97%         4

Inventory:

Hand Weapons
 Y - a +1 sling (weapon)
Armour
 d - a +0 pair of gloves (worn)
 g - a +2 ring mail of cold resistance (worn)
Scrolls
 a - 2 scrolls of teleportation
 b - a scroll of identify
Potions
 c - a potion of cancellation {unknown}
 e - a potion of ambrosia {unknown}
 f - a potion of degeneration {unknown}
 i - a potion of magic {unknown}

Dungeon Overview and Level Annotations

Branches:
Dungeon (3/15)

Altars:


Message History

The sling bullet hits the orc priest but does no damage.
The orc priest is heavily wounded.
The orc priest begins to cast a cantrip, but forgets the words!
You shoot a sling bullet.
The sling bullet hits the orc priest but does no damage.
The orc priest is heavily wounded.
A goblin comes into view. It is wielding a +0 dagger.
The orc priest hits you but does no damage.
You shoot a sling bullet.
The sling bullet barely misses the orc priest.
The goblin shouts!
The orc priest misses you. You furiously retaliate!
You headbutt the orc priest. The orc priest closely misses you.
You shoot a sling bullet. The sling bullet hits the orc priest.
The orc priest is almost dead.
The orc priest mumbles some strange prayers to Beogh against you.
Pain shoots through your body!
You shoot a sling bullet.
The sling bullet closely misses the orc priest.
The orc priest closely misses you.
You shoot a sling bullet.
The sling bullet closely misses the orc priest.
The orc priest hits you with a +0 short sword.
You shoot a sling bullet.
The sling bullet barely misses the orc priest.
The orc priest hits you with a +0 short sword. x2
You shoot a sling bullet. The sling bullet hits the orc priest.
The orc priest is almost dead.
The orc priest hits you but does no damage.
You shoot a sling bullet.
The sling bullet closely misses the orc priest.
The sling bullet closely misses the goblin.
The orc priest hits you but does no damage.
You shoot a sling bullet.
The sling bullet barely misses the orc priest.
The sling bullet completely misses the goblin.
The orc priest hits you with a +0 short sword.
The orc priest calls down the wrath of Beogh upon you.
Pain shoots through your body!
You die...

.#.####.####
...........#
##.....)##.#
##..[...##.#
........##.#
###.....##.#####.##
#................
##.......######.#
####@#### #o# .g.
#...# #..). #...#)
#...#. ..... .


You could see an orc priest and a goblin.

Vanquished Creatures
  Terence (D:2)
  2 adders (D:2)
  2 dart slugs (D:2)
  5 orcs (D:3)
  A ball python (D:1)
  2 giant cockroaches
  2 goblins
  5 hobgoblins
  4 kobolds
  2 quokkas (D:1)
  2 bats
  5 frilled lizards
  5 rats
38 creatures vanquished.

Notes
Turn   | Place    | Note
-------+----------+-------------------------------------------
     0 | D:1      | qw the Minotaur Hexslinger began the quest for the Orb.
     0 | D:1      | Reached XP level 1. HP: 16/16 MP: 1/1
     0 | D:1      | 0 ||| qw: Version: 0.3-a-51-g015441d
     0 | D:1      | 0 ||| qw: Game counter: 4429
     0 | D:1      | 0 ||| qw: Melee chars always use a shield: true
     0 | D:1      | 0 ||| qw: God list: Okawaru
     0 | D:1      | 0 ||| qw: Allow faded altars: false
     0 | D:1      | 0 ||| qw: Do Orc after clearing Dungeon:15 true
     0 | D:1      | 0 ||| qw: Do second Lair branch before Depths: true
     0 | D:1      | 0 ||| qw: Lair rune preference: random
     0 | D:1      | 0 ||| qw: Goals: Normal
     0 | D:1      | 0 ||| PLANNING D:1-11
    79 | D:1      | Reached skill level 3 in Ranged Weapons
    79 | D:1      | Reached XP level 2. HP: 20/23 MP: 2/2
   691 | D:1      | 691 ||| UPGRADING to +0 pair of gloves.
   696 | D:1      | 696 ||| UPGRADING to +2 ring mail of cold resistance.
   706 | D:1      | 706 ||| DROPPING +0 robe.
   707 | D:1      | 707 ||| READING scroll labelled RUEDI LIYXZAU.
   708 | D:1      | 708 ||| READING scroll labelled ESTRED ORUOC.
   709 | D:1      | 709 ||| READING scroll labelled LOT ISTRAXI.
   710 | D:1      | 710 ||| DROPPING scroll of poison.
   981 | D:2      | Reached XP level 3. HP: 29/29 MP: 3/3
  1075 | D:2      | Reached skill level 4 in Ranged Weapons
  1203 | D:2      | Noticed Terence
  1216 | D:2      | HP: 5/29 [Terence/+0 short sword (6)]
  1218 | D:2      | Killed Terence
  1219 | D:2      | Reached XP level 4. HP: 7/36 MP: 4/4
  1556 | D:2      | 1556 ||| READING 3 scrolls labelled PIT XEBRIRUXI.
  1560 | D:2      | 1560 ||| READING 2 scrolls labelled MAMIFR PUOGUDD.
  1561 | D:2      | 1561 ||| READING scroll labelled ODOS YNUSEPH.
  1591 | D:3      | 1591 ||| PLANNING SEWER
  1653 | D:3      | Killed from afar by an orc priest

Levels and vault maps discovered:
D:1:      dpeg_arrival_orchard, layout_basic, minmay_stone_trees_small
D:2:      layout_basic, uniq_terence
D:3:      layout_loops_cross, mainiacjoe_overflow_alcove_4,
          cheibrodos_sewer_entry_drain

Skill      XL: |  1  2  3 |
---------------+----------+-----
Ranged Weapons | 3 4 |  4.3
Fighting       | 2 |  2.0
Armour         | 2 |  2.0
Dodging        | |  2.1
Spellcasting   | |  1.0
Hexes          | |  2.0

Action                     |  1- 3 |  4- 6 || total
---------------------------+-------+-------++-------
   Fire: Sling             |    98 |    43 ||   141
    Use: Scroll            |     3 |     3 ||     6
 Armour: Ring mail         |    16 |     8 ||    24
         Robe              |     1 |       ||     1
  Dodge: Dodged            |    11 |    17 ||    28

Table legend:
 A = Non-vault XP
 B = Vault XP
 C = Vault XP percentage of total XP
 D = Non-vault monster count
 E = Vault monster count
 F = Vault count percentage of total count
                 A         B        C        D         E       F
            +---------+---------+-------+---------+---------+-------
      Total |      91 |      36 |  28.3 |      37 |       1 |   2.6
            +---------+---------+-------+---------+---------+-------
        D:1 |      26 |       0 |   0.0 |      17 |       0 |   0.0
        D:2 |      47 |      36 |  43.4 |      12 |       1 |   7.7
        D:3 |      18 |       0 |   0.0 |       8 |       0 |   0.0
            +---------+---------+-------+---------+---------+-------
